 Dungeon Crawl Stone Soup version 0.26-a0-652-gafc20e3620 (webtiles) character file.

Game seed: 16591768750014302318

2265 rogsnak the Chiller (level 9, -1/71 HPs)
             Began as a Purple Draconian Ice Elementalist on Oct 2, 2020.
             Was a Priest of Sif Muna.
             Slain by an orc warrior
             ... wielding a +0 battleaxe
              (24 damage)
             ... on level 9 of the Dungeon.
             The game lasted 00:28:12 (9017 turns).

rogsnak the Chiller (DrIE)                          Turns: 9017, Time: 00:28:13

Health: -1/71      AC:  8    Str: 16    XL:     9   Next: 16%
Magic:  9/20       EV: 13    Int: 24    God:    Sif Muna [***...]
Gold:   382        SH:  0    Dex:  7    Spells: 15/23 levels left

rFire    x . .     SeeInvis .   l - +2 hand axe (elec)
rCold    + + .     Faith    +   (no shield)
rNeg     . . .     Spirit   .   (armour unavailable)
rPois    .         Reflect  .   (helmet restricted)
rElec    .         Harm     .   H - +0 cloak of Freedom {Rampage rC+ Regen+}
rCorr    .         Rampage  +   (no gloves)
MR       +....                  (no boots)
Stlth    ++........             v - amulet of faith
HPRegen  0.61/turn              Z - ring of the Moon {Str+5 Int+6 Dex-5}
MPRegen  0.17/turn              n - ring of ice

@: no status effects
A: breathe power, unfitting armour, cold-blooded, AC +7
a: Breathe Dispelling Energy, Channel Magic, Forget Spell, Renounce Religion


You were on level 9 of the Dungeon.
You worshipped Sif Muna.
Sif Muna was most pleased with you.
You visited 2 branches of the dungeon, and saw 10 of its levels.
You also visited: Ossuary.

You collected 382 gold pieces.

Inventory:

Hand Weapons
 l - a +2 hand axe of electrocution (weapon)
 s - a +2 dagger of draining
 B - a +1 short sword of venom
 F - a +0 long sword of freezing
 I - a +0 rapier of protection
Missiles
 m - 5 silver javelins (quivered)
 r - 52 poisoned darts
Armour
 c - the +2 cloak "Yckeig" {rF- Str-2 Dex+7 Slay+3}
   (You found it on level 8 of the Dungeon)

   It affects your strength (-2).
   It affects your dexterity (+7).
   It affects your accuracy and damage with ranged weapons and melee attacks
   (+3).
   It makes you vulnerable to fire.
 H - the +0 cloak of Freedom (worn) {Rampage rC+ Regen+}
   (You found it on level 5 of the Dungeon)

   It protects you from cold.
   It increases your rate of regeneration.
   It bestows one free step when moving towards enemies.
Magical Staves
 d - an uncursed staff of earth
Jewellery
 a - an uncursed ring of see invisible
 n - a ring of ice (right hand)
 v - an amulet of faith (around neck)
 V - an uncursed ring of protection from cold
 X - an uncursed ring of resist corrosion
 Z - the ring of the Moon (left hand) {Str+5 Int+6 Dex-5}
   (You found it on level 7 of the Dungeon)

   [ring of intelligence]

   It affects your strength (+5).
   It affects your intelligence (+6).
   It affects your dexterity (-5).
Wands
 b - a wand of paralysis (6)
 y - a wand of acid (10)
 J - a wand of random effects (13)
 L - a wand of iceblast (10)
Scrolls
 f - 2 scrolls of blinking {unknown}
 g - 2 scrolls of enchant armour
 h - a scroll of fog
 i - 6 scrolls of identify
 t - a scroll of magic mapping {unknown}
 u - a scroll of noise {unknown}
 w - 2 scrolls of amnesia
 C - 5 scrolls of remove curse
 G - 4 scrolls of teleportation {unknown}
 M - 2 scrolls of random uselessness {unknown}
 O - 2 scrolls of enchant weapon {unknown}
 S - a scroll of acquirement {unknown}
 U - 2 scrolls of fear {unknown}
 W - 2 scrolls of immolation {unknown}
Potions
 e - 3 potions of lignification {unknown}
 j - 3 potions of heal wounds {unknown}
 k - 2 potions of ambrosia {unknown}
 o - 2 potions of brilliance {unknown}
 p - 2 potions of magic {unknown}
 x - 4 potions of degeneration {unknown}
 A - 2 potions of cancellation {unknown}
 D - 2 potions of berserk rage {unknown}
 E - 5 potions of stabbing {unknown}
 K - a potion of invisibility {unknown}
 N - a potion of mutation {unknown}
 P - 2 potions of might {unknown}
 Q - a potion of flight {unknown}
 T - a potion of haste {unknown}
 Y - 3 potions of curing {unknown}


   Skills:
 + Level 3.9 Fighting
 + Level 4.9 Dodging
 - Level 2.0 Stealth
 + Level 7.5 Spellcasting
 + Level 4.6 Summonings
 + Level 7.6 Ice Magic


You had 15 spell levels left.
You knew the following spells:

 Your Spells              Type           Power        Failure   Level
a - Freeze                Ice            ####         1%          1
b - Ozocubu's Armour      Ice            ######..     1%          3
c - Summon Ice Beast      Ice/Summ       ######..     5%          4

Your spell library contained the following spells:

 Spells                   Type           Power        Failure   Level
 Frozen Ramparts          Ice            ######       1%          3
 Hailstorm                Conj/Ice       #####...     14%         4


Dungeon Overview and Level Annotations

Branches:
Dungeon (9/15)             Temple (1/1) D:6             Orc (0/2) D:9
Ossuary (visited)
   Lair: D:8-11

Altars:
Ashenzari
Cheibriados
Dithmenos
Elyvilon
Fedhas
Gozag
Hepliaklqana
Kikubaaqudgha
Makhleb
Nemelex Xobeh
Okawaru
Qazlal
Ru
Sif Muna
Trog
Uskayaw
Vehumet
Wu Jian
Yredelemnul
Zin
The Shining One

Shops:
D:8 (([!   D:9 [

Annotations:
D:7 Kaletam's ghost, novice OgBe
D:8 6 runed translucent doors, strifetoe's ghost, amateur TrDe


Innate Abilities, Weirdness & Mutations

You can breathe bolts of dispelling energy.
Your rich purple scales are hard. (AC +7)
You cannot fit into any form of body armour.
You are cold-blooded and may be slowed by cold attacks.


Message History

Lightning courses through the orc warrior!
The orc warrior is severely wounded.
The orc warrior hits you with a +0 battleaxe!
* * * LOW HITPOINT WARNING * * *
The orc warrior hits your ice beast with a +0 battleaxe!
The orc warrior misses your ice beast.
Your ice beast hits the orc warrior but does no damage.
Your ice beast barely misses the orc warrior.
Unknown command.
Casting: Summon Ice Beast (dangerous; 5% risk of failure)
Confirm with . or Enter, or press ? or * to list all spells.
Aiming: Freeze (safe; 1% risk of failure)
Press: ? - help, Shift-Dir - straight line, f - orc warrior
Aim: an orc warrior, wielding a +0 battleaxe and wearing a +0 chain mail (severely wounded)
You feel a surge of power!
You freeze the orc warrior.
The orc warrior is severely wounded.
Your ice beast hits the orc warrior but does no damage.
Your ice beast barely misses the orc warrior.
The orc warrior hits you with a +0 battleaxe!!
You die...

......?#...##...#
#...#..#........#
#......#.[[.....#
.........)[.....#
#........#+#####
#........#
####.Y)[# #Yo..#
#.@.)# +....+ #
#....# ..+
#####....#....#
#.^.....[.....#
......$[[.$...#
..............#
.....∩.>......#
##...........##


You could see an orc warrior and 2 friendly ice beasts.

Vanquished Creatures
  3 orc warriors
  2 ogres
  A crocodile (D:8)
  A centaur (D:8)
  2 bullfrogs
  A scorpion (D:4)
  3 killer bees (D:7)
  A bullfrog zombie (D:5)
  A hound (D:7)
  3 jellies
  An orc priest (D:8)
  A bullfrog skeleton (D:6)
  5 orc wizards
  2 iguanas
  2 worker ants
  3 hound skeletons
  A howler monkey zombie (D:6)
  7 mummies (Ossuary)
  2 worker ant zombies (D:6)
  4 gnolls
  5 adders
  A white imp (D:5)
  An ufetubus (D:6)
  An adder zombie (D:6)
  An adder skeleton (D:7)
  4 worms
  A dart slug (D:1)
  3 leopard geckos
  23 orcs
  4 giant cockroaches
  A gnoll zombie (D:8)
  2 goblins
  5 hobgoblins
  5 jackals
  4 quokkas
  A ball python (D:4)
  8 bats
  2 frilled lizards
  2 gnoll skeletons (Ossuary)
  5 kobolds
  A kobold skeleton (Ossuary)
  4 orc skeletons (Ossuary)
  A quokka skeleton (D:5)
  2 quokka zombies
  3 rats (D:3)
  11 rat skeletons (Ossuary)
147 creatures vanquished.

Vanquished Creatures (collateral kills)
  2 ice beasts
  2 orc warriors (D:6)
  A sky beast (D:7)
  2 centaurs (D:7)
  A quasit (D:8)
  An orc priest (D:6)
  An iguana (D:8)
  A worker ant (D:8)
  An orc wizard (D:9)
  5 mummies (Ossuary)
  3 gnolls (D:8)
  A worm zombie (D:8)
  12 orcs
  A gnoll skeleton (Ossuary)
  A leopard gecko zombie (D:8)
35 creatures vanquished.

Vanquished Creatures (others)
  3 plants (D:8)
3 creatures vanquished.

Grand Total: 185 creatures vanquished

Notes
Turn   | Place    | Note
-------+----------+-------------------------------------------
     0 | D:1      | rogsnak the Draconian Ice Elementalist began the quest for
                  | the Orb.
     0 | D:1      | Reached XP level 1. HP: 14/14 MP: 3/3
     6 | D:1      | Noticed a wolf
     6 | D:1      | Noticed a wyvern
     7 | D:1      | Noticed a worker ant
   554 | D:1      | Reached XP level 2. HP: 20/20 MP: 5/5
   815 | D:2      | Reached XP level 3. HP: 24/26 MP: 6/6
  1338 | D:2      | Reached skill level 5 in Ice Magic
  1533 | D:2      | Reached XP level 4. HP: 14/33 MP: 4/7
  1538 | D:2      | Learned a level 3 spell: Ozocubu's Armour
  1543 | D:2      | Learned a level 4 spell: Summon Ice Beast
  2132 | D:3      | Found a basalt altar of Yredelemnul.
  2504 | D:3      | Noticed a phantom
  3055 | D:4      | Found a burning altar of Makhleb.
  3138 | D:4      | Found an ancient bone altar of Kikubaaqudgha.
  3142 | D:4      | Found an ornate altar of the Wu Jian Council.
  3217 | D:4      | Reached skill level 1 in Summonings
  3217 | D:4      | Reached XP level 5. HP: 36/39 MP: 9/9
  3537 | D:4      | Reached skill level 1 in Fighting
  3712 | D:4      | Noticed an ogre
  3720 | D:4      | Killed an ogre
  3720 | D:4      | Reached XP level 6. HP: 47/47 MP: 5/11
  4096 | D:4      | Found a hazy altar of Hepliaklqana.
  4099 | D:4      | Found a hide-covered altar of Uskayaw.
  4102 | D:4      | Found a glowing golden altar of the Shining One.
  4121 | D:4      | Found a sparkling altar of Nemelex Xobeh.
  4266 | D:5      | Entered Level 5 of the Dungeon
  4266 | D:5      | Found a hazy altar of Hepliaklqana.
  4270 | D:5      | Noticed an ice beast
  4293 | D:5      | Killed an ice beast
  4394 | D:5      | Got a slimy cloak
  4405 | D:5      | Identified the +0 cloak of Freedom {Rampage rC+ Regen+}
                  | (You found it on level 5 of the Dungeon)
  5098 | D:6      | Noticed an orc warrior
  5187 | D:6      | Killed an orc warrior
  5187 | D:6      | Your scales start taking on a rich purple colour.
  5187 | D:6      | Reached XP level 7. HP: 14/52 MP: 1/14
  5366 | D:6      | Reached skill level 5 in Spellcasting
  5395 | D:6      | Noticed a white ugly thing
  5732 | D:7      | Noticed Kaletam's ghost (novice OgBe)
  5871 | D:7      | Found a runed translucent gate.
  6085 | D:6      | Found a staircase to the Ecumenical Temple.
  6095 | Temple   | Entered the Ecumenical Temple
  6190 | Temple   | Became a worshipper of Sif Muna the Loreminder
  6362 | D:7      | Found a runed translucent gate.
  6362 | D:7      | Found a runed translucent gate.
  6497 | D:7      | Reached XP level 8. HP: 55/62 MP: 10/16
  6510 | D:7      | Got a smoking golden ring
  6514 | D:7      | Identified the ring of the Moon {Str+5 Int+6 Dex-5} (You
                  | found it on level 7 of the Dungeon)
  7463 | D:8      | Found Bax Nuc's Antique Weapon Boutique.
  7487 | D:8      | Found Jofu's Distillery.
  7510 | D:8      | Got a brightly glowing cloak
  7586 | D:8      | Reached * piety under Sif Muna
  7675 | D:8      | Found a sand-covered staircase.
  7718 | Ossuary  | Entered an ossuary
  7824 | Ossuary  | Identified the +2 cloak "Yckeig" {rF- Str-2 Dex+7 Slay+3}
                  | (You found it on level 8 of the Dungeon)
  8024 | Ossuary  | Reached ** piety under Sif Muna
  8254 | D:8      | Found a runed translucent gate.
  8254 | D:8      | Found a runed translucent gate.
  8255 | D:8      | Found a runed translucent gate.
  8255 | D:8      | Noticed a ten-headed hydra
  8256 | D:8      | Noticed strifetoe's ghost (amateur TrDe)
  8391 | D:8      | Found an iron altar of Okawaru.
  8477 | D:8      | Found Vary's Weapon Shoppe.
  8551 | D:8      | Reached XP level 9. HP: 70/70 MP: 10/19
  8735 | D:8      | Found Zerphur's Armour Shoppe.
  8795 | D:8      | Found a runed translucent door.
  8796 | D:8      | Found a runed translucent door.
  8797 | D:8      | Found a runed translucent door.
  8797 | D:8      | Noticed a centaur warrior
  8797 | D:8      | Noticed a seven-headed hydra
  8892 | D:9      | Reached *** piety under Sif Muna
  8893 | D:9      | Found a staircase to the Orcish Mines.
  8893 | D:9      | Found Bisun's Armour Shoppe.
  9017 | D:9      | Slain by an orc warrior

Illustrated notes

Levels and vault maps discovered:
D:1:      onia_arrival_zoo_common, layout_basic
D:2:      layout_basic
D:3:      layout_basic, nicolae_overflow_hidden_temple, hex_tiny,
          minmay_strange_pillars, serial_park_tiny_1, lightli_corner_chamber
D:4:      layout_layer_cave, old_standard_altar,
          grunt_temple_overflow_cloverleaf,
          chequers_temple_overflow_statue_of_worship
D:5:      layout_loops_ring, basic_altar
D:6:      layout_rooms, minmay_temple_entry_mist
D:7:      nicolae_whirlpool, layout_basic, gammafunk_ghost_split
D:8:      minmay_the_grid_triangle_9x9_rhombus_full
          [minmay_the_grid_triangle_9x9_fully_insulated_deathbox,
          minmay_the_grid_triangle_9x9_tough_junction,
          minmay_the_grid_triangle_9x9_zippers_horizontal,
          minmay_the_grid_triangle_9x9_intruding_spiral,
          minmay_the_grid_triangle_9x9_steps,
          minmay_the_grid_triangle_9x9_empty,
          minmay_the_grid_triangle_9x9_impossible_snake,
          minmay_the_grid_triangle_9x9_prize_special], layout_basic,
          okawaru_ov_weapons_minmay, serial_shops, nicolae_shop_crystal,
          shop_fountains, nicolae_shop_waterfront, nicolae_shop_window_shopping,
          enter_ossuary_3, gammafunk_ghost_hydra_chop
D:9:      layout_stronghold, orc_david_3
Temple:   nicolae_temple_figure_eight

Skill      XL: |  1  2  3  4  5  6  7  8 |
---------------+-------------------------+-----
Stealth        | 2 |  2.0
Dodging        | 2 3 4 |  4.9
Ice Magic      | 5 6 7 |  7.6
Spellcasting   | 3 4 5 7 |  7.5
Summonings     | 1 2 3 4 |  4.6
Fighting       | 1 2 3 |  3.9

Action                   |  1- 3 |  4- 6 |  7- 9 || total
-------------------------+-------+-------+-------++-------
Melee: Short sword       |    43 |   141 |    92 ||   276
       Mace              |     2 |       |       ||     2
       Tailslap          |     6 |    15 |    35 ||    56
       Morningstar       |       |       |   104 ||   104
       Battleaxe         |       |       |    71 ||    71
       Long sword        |       |       |     9 ||     9
       Hand axe          |       |       |    26 ||    26
 Cast: Freeze            |    18 |    25 |    56 ||    99
       Ozocubu's Armour  |       |     5 |     9 ||    14
       Summon Ice Beast  |       |     4 |    27 ||    31
 Abil: Breathe Dispellin |       |       |     1 ||     1
  Use: Scroll            |       |       |     5 ||     5
 Stab: Sleeping          |     4 |     7 |     5 ||    16
       Distracted        |       |     1 |     2 ||     3
Armor: Skin              |    20 |    49 |   139 ||   208
Dodge: Dodged            |    32 |   101 |   278 ||   411
       Rpst.: Long sword |       |       |     4 ||     4

Table legend: (Time is in decaauts)
 A = Elapsed time spent in this place.
 B = Non-inter-level travel time spent in this place.
 C = Inter-level travel time spent in this place.
 D = Time resting spent in this place.
 E = Time spent auto-exploring this place.
 F = Levels seen in this place.
 G = Mean time per level.
                   A        B        C        D        E       F      G
               +--------+--------+--------+--------+--------+-----+--------+
         Total |   9151 |   9000 |    151 |   1262 |   4875 |  11 |  831.9 |
       Dungeon |   8463 |   8312 |    151 |   1125 |   4833 |   9 |  940.3 |
        Temple |    119 |    119 |      0 |      0 |      0 |   1 |  119.0 |
       Ossuary |    568 |    568 |      0 |    137 |     42 |   1 |  568.0 |
               +--------+--------+--------+--------+--------+-----+--------+

Top non-repeatable levels by time:
     D:4: 1398 daAuts
     D:7: 1313 daAuts
     D:2: 1078 daAuts
     D:8: 1074 daAuts
     D:3: 1059 daAuts
     D:6: 915 daAuts
     D:5: 838 daAuts
     D:1: 735 daAuts
 Ossuary: 568 daAuts
  Temple: 119 daAuts
     D:9: 49 daAuts
